NYP
AUBURN DOUBLEDAYS @ LOS ANGELES (NYP) DODGERS
05/10/2047
 
TOP OF THE 1ST
Auburn Doubledays batting - Pitching for Los Angeles (NYP) Dodgers : RHP Josh Weiser
Pitching: RHP Josh Weiser
Batting: RHB Leo Gutierrez 0-0: Ball
1-0: Ball
2-0: Ball
3-0: Base on Balls
Batting: LHB Chris Williams 0-0: Ball
1-0: Called Strike
1-1: Ball
2-1: Called Strike
2-2: Strikes out swinging
Batting: SHB Curtis DeLille 0-0: Called Strike
Leo Gutierrez is caught stealing 2nd base 2-6
0-1: SINGLE (Flyball, 56D, EV 87.5 MPH)
Batting: LHB Elias Posada 0-0: Swinging Strike
0-1: Called Strike
0-2: Ball
1-2: Ball
2-2: Foul Ball, location: 2F
2-2: Foul Ball, location: 2F
2-2: Ball
3-2: Ground out 4-3 (Groundball, 4, EV 80.0 MPH)
Top of the 1st over - 0 runs, 1 hit, 0 errors, 1 left on base; Auburn 0 - Los Angeles (NYP) 0
BOTTOM OF THE 1ST
Los Angeles (NYP) Dodgers batting - Pitching for Auburn Doubledays : RHP Danny Clarke
Pitching: RHP Danny Clarke
Batting: RHB Theo Schepers 0-0: Called Strike
0-1: Ball
1-1: Ball
2-1: SOLO HOME RUN (Flyball, 7D, EV 102.5 MPH), Distance : 373 ft
Batting: SHB Guy Jerome 0-0: SINGLE (Groundball, 6D, EV 98.8 MPH)
Batting: LHB Chris Buchan 0-0: Ball
1-0: Fielders Choice at 2nd, 4-6 (Groundball, 4, EV 84.4 MPH)
Batting: RHB Ruben Serrata 0-0: Called Strike
0-1: Ball
1-1: Ball
2-1: Ball
3-1: Base on Balls
Chris Buchan to second
Batting: RHB Javier Solis 0-0: Called Strike
0-1: Hit by Pitch
Chris Buchan to third
Ruben Serrata to second
Batting: LHB Fernão Manta 0-0: Ball
1-0: Called Strike
1-1: Foul Ball, location: 2F
1-2: Ball
2-2: Ball
3-2: Strikes out swinging
Batting: LHB Bobby Gambrell 0-0: Called Strike
0-1: Ball
1-1: GRAND SLAM HOME RUN (Flyball, 9LD, EV 94.4 MPH), Distance : 346 ft
Batting: RHB Juan Gallegos 0-0: Called Strike
0-1: Called Strike
0-2: Strikes out looking
Bottom of the 1st over - 5 runs, 3 hits, 0 errors, 0 left on base; Auburn 0 - Los Angeles (NYP) 5
TOP OF THE 2ND
Auburn Doubledays batting - Pitching for Los Angeles (NYP) Dodgers : RHP Josh Weiser
Batting: RHB Er Le 0-0: Called Strike
0-1: Swinging Strike
0-2: Ball
1-2: SINGLE (Line Drive, 8LS, EV 93.1 MPH)
Batting: RHB Xavier Reeves 0-0: Ball
1-0: Ball
2-0: Ball
3-0: Foul Ball, location: 2F
3-1: Called Strike
3-2: Base on Balls
Er Le to second
Batting: RHB Taffounnout Kame 0-0: Called Strike
0-1: Foul Ball, location: 2F
0-2: Ball
1-2: Ball
Wild Pitch!
Er Le to third
Xavier Reeves to second
2-2: Strikes out swinging
Batting: SHB Ed Thorpe Jr. 0-0: Called Strike
0-1: Foul Ball, location: 2F
0-2: Strikes out swinging
Batting: RHB Sentos Alatas Balk!
Er Le scores
Xavier Reeves to third
0-0: Called Strike
0-1: Ball
1-1: Ground out 1-3 (Groundball, P, EV 71.9 MPH)
Top of the 2nd over - 1 run, 1 hit, 0 errors, 1 left on base; Auburn 1 - Los Angeles (NYP) 5
BOTTOM OF THE 2ND
Los Angeles (NYP) Dodgers batting - Pitching for Auburn Doubledays : RHP Danny Clarke
Batting: LHB Jim Jardine 0-0: Ball
1-0: DOUBLE (Flyball, 8RXD, EV 93.1 MPH)
Batting: RHB Theo Schepers 0-0: Ball
1-0: Swinging Strike
1-1: Hit by Pitch
Pitching: LHP Willie Rivera
Batting: SHB Guy Jerome 0-0: Called Strike
0-1: Fly out, F7 (Flyball, 78D, EV 92.5 MPH)
Batting: LHB Chris Buchan 0-0: Ball
1-0: Ball
2-0: Ball
3-0: Called Strike
3-1: Base on Balls
Jim Jardine to third
Theo Schepers to second
Batting: RHB Ruben Serrata 0-0: Swinging Strike
0-1: Called Strike
0-2: Hit by Pitch
Jim Jardine scores
Theo Schepers to third
Chris Buchan to second
Batting: RHB Javier Solis 0-0: Called Strike
0-1: Ball
1-1: Called Strike
1-2: DOUBLE (Line Drive, 8LXD, EV 104.4 MPH)
Theo Schepers scores
Chris Buchan scores
Ruben Serrata to third
Batting: LHB Fernão Manta 0-0: Called Strike
0-1: Ball
1-1: Ball
2-1: Ball
3-1: Base on Balls
Batting: LHB Bobby Gambrell 0-0: Ball
1-0: Foul Ball, location: 2F
1-1: Called Strike
1-2: SINGLE (Line Drive, 89S, EV 87.5 MPH)
Ruben Serrata scores
Javier Solis to third
Fernão Manta to second
Runner from 3rd tries for Home, throw by RF and OUT! 9-2
Batting: RHB Juan Gallegos 0-0: Ball
1-0: Ball
2-0: TRIPLE (Flyball, 89XD, EV 92.5 MPH)
Fernão Manta scores
Bobby Gambrell scores
Pitching: RHP Omar Perez
Batting: LHB Jim Jardine 0-0: Ball
1-0: Swinging Strike
1-1: Called Strike
1-2: Ball
2-2: Foul Ball, location: 2F
2-2: Strikes out looking
Bottom of the 2nd over - 6 runs, 4 hits, 0 errors, 1 left on base; Auburn 1 - Los Angeles (NYP) 11
TOP OF THE 3RD
Auburn Doubledays batting - Pitching for Los Angeles (NYP) Dodgers : RHP Josh Weiser
Batting: RHB Leo Gutierrez 0-0: Called Strike
0-1: Ground out U3 (Groundball, 34S, EV 85.6 MPH)
Batting: LHB Chris Williams 0-0: Ball
1-0: Swinging Strike
1-1: Swinging Strike
1-2: Fly out, F9 (Flyball, 9LS, EV 88.8 MPH)
Batting: SHB Curtis DeLille 0-0: Ball
1-0: DOUBLE (Line Drive, 9LS, EV 107.5 MPH)
Batting: LHB Elias Posada 0-0: Ball
1-0: Ball
2-0: Called Strike
2-1: Called Strike
2-2: Foul Ball, location: 2F
2-2: Foul Ball, location: 2F
2-2: Strikes out swinging
Top of the 3rd over - 0 runs, 1 hit, 0 errors, 1 left on base; Auburn 1 - Los Angeles (NYP) 11
BOTTOM OF THE 3RD
Los Angeles (NYP) Dodgers batting - Pitching for Auburn Doubledays : RHP Omar Perez
Batting: RHB Theo Schepers 0-0: Ball
1-0: Foul Ball, location: 2F
1-1: Swinging Strike
1-2: Foul Ball, location: 2F
1-2: Strikes out looking
Batting: SHB Guy Jerome 0-0: Ball
1-0: Ball
2-0: Ball
3-0: Base on Balls
Batting: LHB Chris Buchan 0-0: Ball
1-0: Ball
2-0: Ball
3-0: Swinging Strike
3-1: Base on Balls
Guy Jerome to second
Batting: RHB Ruben Serrata 0-0: Ball
1-0: Ball
2-0: Foul Ball, location: 2F
2-1: Foul Ball, location: 2F
2-2: Ball
3-2: SINGLE (Groundball, 4MS, EV 69.4 MPH) (infield hit)
Guy Jerome to third
Chris Buchan to second
Batting: RHB Javier Solis 0-0: Foul Ball, location: 2F
0-1: Ball
1-1: Grounds into double play, 6-4-3 (Groundball, 6, EV 88.1 MPH)
Bottom of the 3rd over - 0 runs, 1 hit, 0 errors, 2 left on base; Auburn 1 - Los Angeles (NYP) 11
TOP OF THE 4TH
Auburn Doubledays batting - Pitching for Los Angeles (NYP) Dodgers : RHP Josh Weiser
Batting: RHB Er Le 0-0: Foul Ball, location: 2F
0-1: Ground out 5-3 (Groundball, 5L, EV 100.6 MPH)
Batting: RHB Xavier Reeves 0-0: Foul Ball, location: 2F
0-1: Ball
1-1: Ball
2-1: Ball
3-1: Foul Ball, location: 2F
3-2: Ground out 5-3 (Groundball, 56, EV 97.5 MPH)
Batting: RHB Taffounnout Kame 0-0: Foul Ball, location: 2F
0-1: Foul Ball, location: 2F
0-2: Strikes out swinging
Top of the 4th over - 0 runs, 0 hits, 0 errors, 0 left on base; Auburn 1 - Los Angeles (NYP) 11
BOTTOM OF THE 4TH
Los Angeles (NYP) Dodgers batting - Pitching for Auburn Doubledays : RHP Omar Perez
Batting: LHB Fernão Manta 0-0: DOUBLE (Line Drive, 89M, EV 109.4 MPH)
Batting: LHB Bobby Gambrell 0-0: Called Strike
0-1: Swinging Strike
0-2: Fly out, F6 (Popup, 6MD, EV 61.9 MPH)
Batting: RHB Juan Gallegos 0-0: Foul Ball, location: 2F
0-1: Foul Ball, location: 2F
0-2: Ball
Wild Pitch!
Fernão Manta to third
1-2: Foul Ball, location: 2F
1-2: Strikes out swinging
Batting: LHB Jim Jardine 0-0: Ball
1-0: Ball
2-0: DOUBLE (Flyball, 89XD, EV 91.9 MPH)
Fernão Manta scores
Batting: RHB Theo Schepers 0-0: Ball
1-0: Fly out, F9 (Flyball, 9D, EV 95.6 MPH)
Bottom of the 4th over - 1 run, 2 hits, 0 errors, 1 left on base; Auburn 1 - Los Angeles (NYP) 12
TOP OF THE 5TH
Auburn Doubledays batting - Pitching for Los Angeles (NYP) Dodgers : RHP Josh Weiser
Batting: SHB Ed Thorpe Jr. 0-0: Ball
1-0: Called Strike
1-1: Called Strike
1-2: Ball
2-2: Strikes out looking
Batting: RHB Sentos Alatas 0-0: Ground out 1-3 (Groundball, 13S, EV 67.5 MPH)
Batting: RHB Leo Gutierrez 0-0: Ball
1-0: Ball
2-0: Swinging Strike
2-1: Swinging Strike
2-2: Foul Ball, location: 2F
2-2: Foul Ball, location: 2F
2-2: Ball
3-2: Base on Balls
Batting: LHB Chris Williams 0-0: Ball
Leo Gutierrez is caught stealing 2nd base 2-6
Top of the 5th over - 0 runs, 0 hits, 0 errors, 0 left on base; Auburn 1 - Los Angeles (NYP) 12
BOTTOM OF THE 5TH
Los Angeles (NYP) Dodgers batting - Pitching for Auburn Doubledays : RHP Omar Perez
Batting: SHB Guy Jerome 0-0: Fly out, F9 (Line Drive, 89M, EV 107.5 MPH)
Batting: LHB Chris Buchan 0-0: Reached on error, E3 (Groundball, 3, EV 103.1 MPH)
Pitching: RHP Matt Norris
Batting: RHB Ruben Serrata 0-0: Called Strike
0-1: Ball
1-1: Ball
2-1: Called Strike
2-2: Fielders Choice at 2nd, 5-4 (Groundball, 56S, EV 85.6 MPH)
Batting: RHB Javier Solis 0-0: Ball
1-0: Ball
2-0: Ball
3-0: Called Strike
3-1: Called Strike
3-2: Foul Ball, location: 2F
3-2: SINGLE (Groundball, 6D, EV 106.9 MPH)
Ruben Serrata to second
Ruben Serrata to third
Batting: LHB Fernão Manta 0-0: Ball
1-0: Foul Ball, location: 2F
1-1: Ball
2-1: Ball
Wild Pitch!
Ruben Serrata scores
Javier Solis to second
3-1: Swinging Strike
3-2: Foul Ball, location: 2F
3-2: Ground out 6-3 (Groundball, 6, EV 83.1 MPH)
Bottom of the 5th over - 1 run, 1 hit, 1 error, 1 left on base; Auburn 1 - Los Angeles (NYP) 13
TOP OF THE 6TH
Auburn Doubledays batting - Pitching for Los Angeles (NYP) Dodgers : RHP Josh Weiser
Batting: LHB Chris Williams 0-0: Ball
1-0: Swinging Strike
1-1: Swinging Strike
1-2: Foul Ball, location: 2F
1-2: Foul Ball, location: 2F
1-2: Strikes out swinging
Batting: SHB Curtis DeLille 0-0: Called Strike
0-1: Ground out 4-3 (Groundball, 4, EV 87.5 MPH)
Batting: LHB Elias Posada 0-0: Ball
1-0: Ball
2-0: Ball
3-0: Base on Balls
Pitching: RHP Jose Sandoval
Batting: RHB Er Le 0-0: Ball
Elias Posada steals 2nd base
1-0: Foul Ball, location: 2F
1-1: Swinging Strike
1-2: Ball
2-2: Foul Ball, location: 2F
2-2: Ball
3-2: Ground out 6-3 (Groundball, 6, EV 83.1 MPH)
Top of the 6th over - 0 runs, 0 hits, 0 errors, 1 left on base; Auburn 1 - Los Angeles (NYP) 13
BOTTOM OF THE 6TH
Los Angeles (NYP) Dodgers batting - Pitching for Auburn Doubledays : RHP Matt Norris
Batting: LHB Bobby Gambrell 0-0: Fly out, F3 (Popup, 3SF, EV 86.2 MPH)
Batting: RHB Juan Gallegos 0-0: Foul Ball, location: 2F
0-1: Ball
1-1: Swinging Strike
1-2: Ball
2-2: Reached on error, E3 (Groundball, 3, EV 82.5 MPH)
Batting: LHB Jim Jardine 0-0: Foul Ball, location: 2F
0-1: Ball
1-1: Fielders Choice at 2nd, 6-4 (Groundball, 6, EV 95.6 MPH)
Batting: RHB Theo Schepers 0-0: Fielders Choice at 2nd, 6-4 (Groundball, 6, EV 89.4 MPH)
Bottom of the 6th over - 0 runs, 0 hits, 1 error, 1 left on base; Auburn 1 - Los Angeles (NYP) 13
TOP OF THE 7TH
Auburn Doubledays batting - Pitching for Los Angeles (NYP) Dodgers : RHP Jose Sandoval
Batting: RHB Xavier Reeves 0-0: Ball
1-0: Ball
2-0: Called Strike
2-1: Ground out 5-3 (Groundball, 56, EV 100.0 MPH)
Batting: RHB Taffounnout Kame 0-0: Swinging Strike
0-1: Ball
1-1: Ball
2-1: Swinging Strike
2-2: Strikes out swinging
Batting: SHB Ed Thorpe Jr. 0-0: Called Strike
0-1: Called Strike
0-2: Foul Ball, location: 2F
0-2: Ball
1-2: Ground out 4-3 (Groundball, 34D, EV 98.8 MPH)
Top of the 7th over - 0 runs, 0 hits, 0 errors, 0 left on base; Auburn 1 - Los Angeles (NYP) 13
BOTTOM OF THE 7TH
Los Angeles (NYP) Dodgers batting - Pitching for Auburn Doubledays : RHP Matt Norris
Batting: SHB Guy Jerome 0-0: SINGLE (Line Drive, 6D, EV 103.8 MPH)
Batting: LHB Chris Buchan 0-0: Ball
1-0: Reached on error, E4 (Groundball, 34, EV 100.0 MPH)
Guy Jerome to second
Batting: RHB Ruben Serrata 0-0: Ball
1-0: Foul Ball, location: 2F
1-1: Ball
2-1: Called Strike
2-2: Ball
3-2: Base on Balls
Guy Jerome to third
Chris Buchan to second
Pitching: RHP Dan Johnson
Batting: RHB Javier Solis 0-0: Swinging Strike
0-1: Fielders Choice at 2nd, 4-6 (Groundball, 4, EV 85.6 MPH)
Guy Jerome scores
Chris Buchan to third
Batting: LHB Fernão Manta 0-0: Foul Ball, location: 2F
0-1: Ball
1-1: SINGLE (Groundball, 3S, EV 65.0 MPH) (infield hit)
Chris Buchan scores
Javier Solis to second
Batting: LHB Bobby Gambrell 0-0: Called Strike
0-1: Swinging Strike
0-2: Fly out, F9 (Flyball, 9, EV 85.6 MPH)
Batting: RHB Juan Gallegos 0-0: Ball
1-0: Ball
2-0: Ground out 4-3 (Groundball, 4, EV 100.0 MPH)
Bottom of the 7th over - 2 runs, 2 hits, 1 error, 2 left on base; Auburn 1 - Los Angeles (NYP) 15
TOP OF THE 8TH
Auburn Doubledays batting - Pitching for Los Angeles (NYP) Dodgers : RHP Jose Sandoval
Pinch Hitting: LHB Doug Anderson 0-0: Foul Ball, location: 2F
0-1: Foul Ball, location: 2F
0-2: Strikes out swinging
Batting: RHB Leo Gutierrez 0-0: Foul Ball, location: 2F
0-1: Foul Ball, location: 2F
0-2: Ball
1-2: Strikes out looking
Batting: LHB Chris Williams 0-0: Ball
1-0: Ball
2-0: Called Strike
2-1: Ball
3-1: Swinging Strike
3-2: Base on Balls
Batting: SHB Curtis DeLille 0-0: Foul Ball, location: 2F
0-1: Ball
1-1: Ball
2-1: Ball
3-1: Base on Balls
Chris Williams to second
Batting: LHB Elias Posada 0-0: Fielders Choice at 2nd, 5-4 (Groundball, 56, EV 89.4 MPH)
Top of the 8th over - 0 runs, 0 hits, 0 errors, 2 left on base; Auburn 1 - Los Angeles (NYP) 15
BOTTOM OF THE 8TH
Los Angeles (NYP) Dodgers batting - Pitching for Auburn Doubledays : RHP Dan Johnson
Now at 2B: Paul Shell
Now at 3B: Taffounnout Kame
Batting: LHB Jim Jardine 0-0: Called Strike
0-1: Ball
1-1: Ball
2-1: SINGLE (Line Drive, 4MD, EV 96.2 MPH)
Batting: RHB Theo Schepers 0-0: Ball
1-0: Fly out, F9 (Flyball, 89S, EV 88.1 MPH)
Batting: SHB Guy Jerome 0-0: Ball
1-0: Called Strike
1-1: Called Strike
1-2: Fielders Choice at 2nd, 5-4 (Groundball, 56, EV 103.1 MPH)
Batting: LHB Chris Buchan 0-0: Ground out 4-3 (Groundball, 34D, EV 103.1 MPH)
Bottom of the 8th over - 0 runs, 1 hit, 0 errors, 1 left on base; Auburn 1 - Los Angeles (NYP) 15
TOP OF THE 9TH
Auburn Doubledays batting - Pitching for Los Angeles (NYP) Dodgers : RHP Jose Sandoval
Batting: RHB Er Le 0-0: Foul Ball, location: 2F
0-1: Ball
1-1: Called Strike
1-2: Foul Ball, location: 2F
1-2: Strikes out swinging
Pinch Hitting: LHB Tom Reynolds 0-0: Foul Ball, location: 2F
0-1: Ball
1-1: Called Strike
1-2: Ball
2-2: Ball
3-2: Foul Ball, location: 2F
3-2: Foul Ball, location: 2F
3-2: Base on Balls
Pitching: LHP Paul Hinderliter
Batting: RHB Taffounnout Kame 0-0: Called Strike
0-1: Swinging Strike
0-2: Foul Ball, location: 2F
0-2: Ball
1-2: Strikes out looking
Batting: SHB Ed Thorpe Jr. 0-0: Ball
1-0: Ball
2-0: Foul Ball, location: 2F
2-1: Foul Ball, location: 2F
2-2: Ball
3-2: Strikes out swinging
Top of the 9th over - 0 runs, 0 hits, 0 errors, 1 left on base; Auburn 1 - Los Angeles (NYP) 15
Thursday, December 15th , 2022 - OOTP Baseball 23.9 Build 102